 Dungeon Crawl Stone Soup version 0.29.0-5-ge4962eb29e (webtiles) character file.

Game seed: 15526682790649275816

1309 drpainis the Purveyor of Pain (level 8, -5/56 HPs)
             Began as a Human Necromancer on Aug 28, 2022.
             Was an Initiate of Kikubaaqudgha.
             Killed from afar by an electric eel (12 damage)
             ... with a bolt of electricity
             ... on level 7 of the Dungeon.
             The game lasted 00:12:25 (10577 turns).

drpainis the Purveyor of Pain (Human Necromancer)  Turns: 10577, Time: 00:12:26

Health: -5/56      AC:  3    Str:  8    XL:     8   Next: 88%
Magic:  16/17      EV: 13    Int: 18    God:    Kikubaaqudgha [......]
Gold:   321        SH:  0    Dex: 14    Spells: 5/19 levels left

rFire   + . .      SeeInvis .   v - +4 short sword (venom)
rCold   + . .      Faith    .   (no shield)
rNeg    . . .      Spirit   .   a - +0 robe
rPois   .          Reflect  .   (no helmet)
rElec   .          Harm     .   n - scarf {rC+ rF+}
rCorr   .          Rampage  .   (no gloves)
Will    .....                   q - +0 pair of boots
Stlth   ++........              t - amulet of magic regeneration
HPRegen 0.18/turn               s - ring of flight
MPRegen 0.55/turn               (no ring)

@: flying
A: no striking features
a: Renounce Religion


You were on level 7 of the Dungeon.
You worshipped Kikubaaqudgha.
Kikubaaqudgha was noncommittal.
You visited 2 branches of the dungeon, and saw 8 of its levels.

You collected 321 gold pieces.

Inventory:

Hand Weapons
 d - a +0 short sword
 v - a +4 short sword of venom (weapon)
Missiles
 r - a throwing net
Armour
 a - a +0 robe (worn)
 n - a scarf of resistance (worn)
 q - a +0 pair of boots (worn)
Jewellery
 b - a ring of protection from fire
 s - a ring of flight (left hand)
 t - an amulet of magic regeneration (around neck)
Scrolls
 f - 2 scrolls of magic mapping
 u - 2 scrolls of teleportation
Potions
 e - 3 potions of ambrosia
 h - 5 potions of curing
 j - a potion of invisibility {unknown}
 k - a potion of lignification {unknown}
 l - 4 potions of heal wounds
 p - a potion of degeneration {unknown}
 w - a potion of flight {unknown}
 x - a potion of brilliance {unknown}
 z - a potion of attraction {unknown}
 A - 2 potions of magic
 B - a potion of might {unknown}


   Skills:
 + Level 1.9 Fighting
 + Level 1.6 Short Blades
 + Level 3.3 Dodging
 + Level 3.0 Stealth
 + Level 6.0 Spellcasting
 + Level 1.3 Hexes
 + Level 7.4 Necromancy


You had 5 spell levels left.
You knew the following spells:

 Your Spells              Type           Power      Damage    Failure   Level
a - Necrotise             Necr           100%       1d9       1%          1
b - Vampiric Draining     Necr           32%        2d8       1%          3
c - Slow                  Hex            40%        N/A       7%          1
d - Animate Dead          Necr           32%        N/A       5%          4
e - Agony                 Necr           32%        N/A       16%         5

Your spell library contained the following spells:

 Spells                   Type           Power      Damage    Failure   Level
 Summon Small Mammal      Summ           20%        N/A       12%         1
 Confusing Touch          Hex            10%        N/A       22%         3
 Dazzling Flash           Conj/Hex       14%        N/A       28%         3
 Summon Guardian Golem    Hex/Summ       7%         N/A       28%         3
 Call Canine Familiar     Summ           5%         N/A       34%         3
 Borgnjor's Vile Clutch   Necr/Erth      9%         N/A       58%         5
 Silence                  Hex/Air        3%         N/A       95%         5
 Lee's Rapid Deconstruct  Erth           2%         3d6*      97%         5
 Shatter                  Erth           2%         3d6*      100%        9


Dungeon Overview and Level Annotations

Branches:
Dungeon (7/15)             Temple (1/1) D:4

Altars:
Ashenzari
Dithmenos
Elyvilon
Hepliaklqana
Kikubaaqudgha
Okawaru
Qazlal
Trog
Uskayaw
The Shining One

Annotations:
D:5 2 transporters
D:6 3 runed translucent doors, Sigmund; odiv's ghost, novice DsWn


Message History

Kikubaaqudgha accepts your kill.
Your life force feels restored.
Your Spellcasting skill increases to level 6!
Casting: Vampiric Draining (safe; 1% risk of failure)
Confirm with . or Enter, or press ? or * to list all spells.
You can't see any susceptible monsters within range! (Use Z to cast anyway.) Unknown command.
You can't see any susceptible monsters within range! (Use Z to cast anyway.) HP restored.
There is an open door, spattered with blood here.
Found an escape hatch in the floor.
An electric eel comes into view.
An electric eel is nearby!
An electric eel is nearby!
An electric eel is nearby!
An electric eel is nearby!
The electric eel shoots out a bolt of lightning at you!
The bolt of electricity hits you! x2
Found a flail.
A white imp comes into view.
Casting: Vampiric Draining (safe; 1% risk of failure)
Confirm with . or Enter, or press ? or * to list all spells.
Aiming: Necrotise (safe; 1% risk of failure)
Press: ? - help, Shift-Dir - straight line, f - electric eel
Aim: an electric eel (water, chance to affect: 88%)
The electric eel writhes in agony!
The electric eel shoots out a bolt of lightning at you!
The bolt of electricity hits you! x2
Casting: Necrotise (safe; 1% risk of failure)
Confirm with . or Enter, or press ? or * to list all spells.
Aiming: Necrotise (safe; 1% risk of failure)
Press: ? - help, Shift-Dir - straight line, f/p - electric eel
Aim: an electric eel (water, heavily wounded, chance to affect: 88%)
The electric eel writhes in agony.
The electric eel shoots out a bolt of lightning at you!
The bolt of electricity hits you!
* * * LOW HITPOINT WARNING * * *
The bolt of electricity hits you!
You die...
Kikubaaqudgha rasps: "You have failed me!
Welcome... death!"

#).### ....#
##........#.###
...........≈≈≈
.........≈5# ...
....≈≈# #.#
#.#≈S# ≈ #.#
#.#≈##≈≈#
#.###.###.@≈≈≈≈#
#..........≈####
#.###.###..≈#
#.# #..≈# #.#
#.#≈# #.# #.#≈#
#.# #.#≈≈ ##.#
#.#.≈≈ ##..# #.#
#≈≈


You could see an electric eel and a white imp.

Vanquished Creatures
  Menkaure (D:5)
  An orc warrior (D:6)
  A black bear (D:5)
  A sky beast (D:7)
  A bullfrog (D:6)
  A necrophage (D:7)
  A gnoll sergeant (D:5)
  4 scorpions
  A howler monkey (D:5)
  2 hounds (D:5)
  A jelly (D:4)
  An iguana (D:5)
  3 orc wizards
  Robin (D:3)
  8 adders
  7 gnolls
  A dart slug (D:3)
  6 orcs
  6 ball pythons
  7 bats
  6 endoplasms
  2 giant cockroaches
  7 goblins
  3 hobgoblins
  7 jackals
  4 quokkas
  3 frilled lizards (D:1)
  6 kobolds
  6 rats
99 creatures vanquished.

Vanquished Creatures (collateral kills)
  A worm (D:3)
  2 ball pythons
  3 endoplasms
  A giant cockroach (D:3)
  A goblin (D:3)
  A bat (D:3)
9 creatures vanquished.

Vanquished Creatures (others)
  A plant (D:7)
1 creature vanquished.

Grand Total: 109 creatures vanquished

Notes
Turn   | Place    | Note
-------+----------+-------------------------------------------
     0 | D:1      | drpainis the Human Necromancer began the quest for the Orb.
     0 | D:1      | Reached XP level 1. HP: 13/13 MP: 3/3
    91 | D:1      | Got Sif Muna's Codex of Terrain
   251 | D:1      | Reached XP level 2. HP: 19/19 MP: 1/5
  1156 | D:2      | Reached XP level 3. HP: 21/24 MP: 2/6
  1824 | D:2      | Reached XP level 4. HP: 24/30 MP: 1/8
  2400 | D:3      | Learned a level 3 spell: Vampiric Draining
  2681 | D:3      | Reached XP level 5. HP: 27/35 MP: 0/9
  2784 | D:3      | Noticed Robin
  2909 | D:3      | Killed Robin
  2916 | D:3      | Reached skill level 5 in Necromancy
  3941 | D:2      | You fall into a shaft and drop 2 floors!
  3948 | D:4      | Found a staircase to the Ecumenical Temple.
  3953 | Temple   | Entered the Ecumenical Temple
  4178 | Temple   | Became a worshipper of Kikubaaqudgha
  4489 | D:2      | Found a faded altar of an unknown god.
  4777 | D:2      | Reached XP level 6. HP: 23/41 MP: 9/11
  5060 | D:2      | Learned a level 1 spell: Slow
  5065 | D:2      | Learned a level 4 spell: Animate Dead
  5845 | D:4      | Found a stormy altar of Qazlal.
  5846 | D:4      | Noticed a water elemental
  5847 | D:4      | Noticed an air elemental
  5848 | D:4      | Noticed a fire elemental
  6366 | D:5      | Entered Level 5 of the Dungeon
  6367 | D:5      | Noticed Menkaure
  6670 | D:5      | Reached skill level 1 in Fighting
  6670 | D:5      | Reached XP level 7. HP: 30/48 MP: 8/13
  7224 | D:5      | Reached skill level 6 in Necromancy
  7305 | D:5      | Found a transporter.
  7399 | D:5      | Reached skill level 5 in Spellcasting
  7723 | D:5      | Found a transporter.
  7765 | D:5      | Reached XP level 8. HP: 47/54 MP: 10/15
  8594 | D:5      | Killed Menkaure
  8962 | D:5      | Learned a level 5 spell: Agony
  9139 | D:6      | Noticed odiv's ghost (novice DsWn)
  9139 | D:6      | Found a runed translucent gate.
  9139 | D:6      | Found a runed translucent gate.
  9139 | D:6      | Found a runed translucent gate.
  9165 | D:6      | Reached skill level 1 in Hexes
  9165 | D:6      | Reached skill level 7 in Necromancy
  9189 | D:6      | Reached skill level 1 in Short Blades
 10062 | D:6      | Noticed Sigmund
 10238 | D:7      | Found a broken altar of Ashenzari.
 10292 | D:7      | Found a hide-covered altar of Uskayaw.
 10475 | D:7      | Identified the +3 flail "Xapnuad" {flame, rElec rPois Dex+6
                  | Stlth-}
 10492 | D:7      | Found a white marble altar of Elyvilon.
 10577 | D:7      | Killed from afar by an electric eel

Illustrated notes

Levels and vault maps discovered:
D:1:      saegor_arrival_simple_e, layout_basic
D:2:      layout_basic, ebering_ecumenical_altar_sacrificial,
          kennysheep_flooded_box
D:3:      layout_loops_ring, cheibrodos_sewer_entry_sluice,
          kennysheep_nondescript, chequers_serial_rivers_marsh, uniq_robin
D:4:      layout_loops_ring, nicolae_qazlal_style_of_elements,
          minmay_temple_entry_steel_oval
D:5:      gammafunk_steamed_eel, layout_loops_ring, uniq_menkaure
D:6:      layout_cave_pools, nicolae_overflow_quartered_altars,
          gammafunk_ghost_nasty_kobolds, uniq_sigmund
D:7:      layout_basic, xom_shifter_show, elyvilon_altar_1,
          mainiacjoe_overflow_big_doors, zin_scriptorium,
          ebering_ghost_rock_garden, serial_park_tiny_pond, water_maze_lemuel
Temple:   compressed_dpeg_circular_temple

Skill      XL: |  1  2  3  4  5  6  7  8 |
---------------+-------------------------+-----
Spellcasting   | 3 4 5 6 |  6.0
Necromancy     | 5 6 7 |  7.4
Fighting       | 1 |  1.9
Stealth        | 3 |  3.0
Hexes          | 1 |  1.3
Dodging        | 3 |  3.3
Short Blades   | 1 |  1.6

Action                   |  1- 3 |  4- 6 |  7- 9 || total
-------------------------+-------+-------+-------++-------
Melee: Unarmed           |     3 |       |       ||     3
       Short sword       |    12 |    56 |    44 ||   112
       Punch             |     1 |       |       ||     1
 Cast: Necrotise         |    48 |    91 |    56 ||   195
       Vampiric Draining |       |     5 |    20 ||    25
       Slow              |       |       |     3 ||     3
       Agony             |       |       |     2 ||     2
  Use: Potion            |       |     1 |     7 ||     8
       Scroll            |       |       |    15 ||    15
 Stab: Sleeping          |       |     3 |       ||     3
Armor: Robe              |     7 |    32 |    19 ||    58
Dodge: Dodged            |    20 |    93 |    55 ||   168
